 Dungeon Crawl Stone Soup version 0.25-a0-566-g062765be81 (webtiles) character file.

Game seed: 7185980348975658942, levelgen mode: deterministic

199126 Flugslaktarn the Severer (level 17, -3/164 HPs)
             Began as a Deep Dwarf Fighter on Feb 27, 2020.
             Was the Champion of Makhleb.
             Slain by an azure jelly (4 damage)
             ... on level 2 of the Pits of Slime.
             The game lasted 00:18:31 (20634 turns).

Flugslaktarn the Severer (Deep Dwarf Fighter)      Turns: 20634, Time: 00:18:31

Health: -3/164     AC:  3    Str: 26    XL:     17   Next: 38%
Magic:  5/5        EV:  9    Int:  6    God:    Makhleb [******]
Gold:   1811       SH: 17    Dex: 15    Spells: 16/16 levels left

rFire    + + .     SeeInvis +   p - +3 broad axe of Irritation {vorpal, rF++}
rCold    + . .     Gourm    .   N - +2 kite shield {rPois}
rNeg     + . .     Faith    .   f - +6 chain mail of Misanthropy {*Contam +Blink Regen+ Int-4}
rPois    +         Spirit   .   k - +2 hat
rElec    .         Reflect  .   g - +0 cloak
rCorr    .         Harm     .   l - +2 pair of gloves
MR       ++...                  (no boots)
Stlth    ..........             (no amulet)
HPRegen  0.00/turn              y - ring of Dofiamaly {Dex+3 SInv}
MPRegen  0.09/turn              c - ring of protection from cold

@: brilliant, corroded, non-regenerating
A: damage resistance, heal wounds, deformed body, deterioration 1, negative
energy resistance 1, sense surroundings 2, screaming 1, subdued magic 1, no
regeneration
}: 2/15 runes: decaying, serpentine
a: Heal Wounds, Minor Destruction, Lesser Servant of Makhleb, Major Destruction,
Greater Servant of Makhleb, Renounce Religion, Evoke Blink


You were on level 2 of the Pits of Slime.
You worshipped Makhleb.
Makhleb was exalted by your worship.
You were not hungry.

You visited 6 branches of the dungeon, and saw 32 of its levels.

You collected 1811 gold pieces.

Inventory:

Hand Weapons
 j - the +4 broad axe of the Establishment {vorpal, MP+9 Int+6}
   (You acquired it on level 3 of the Swamp)

   It inflicts extra damage upon your enemies.
   It affects your intelligence (+6).
   It affects your magic capacity (+9).
 p - the +3 broad axe of Irritation (weapon) {vorpal, rF++}
   (You acquired it on level 4 of the Swamp)

   It inflicts extra damage upon your enemies.
   It greatly protects you from fire.
Armour
 f - the +6 chain mail of Misanthropy (worn) {*Contam +Blink Regen+ Int-4}
   (You found it on level 2 of the Lair of Beasts)

   It affects your intelligence (-4).
   It lets you blink.
   It causes magical contamination when unequipped.
   It increases your rate of regeneration.
   If you remove this armour, your AC will decrease by 15 (3 -> -12).
 g - a +0 cloak (worn)
   (You found it on level 1 of the Dungeon)
 k - a +2 hat (worn)
   (You found it on level 9 of the Dungeon)
 l - a +2 pair of gloves (worn)
   (You found it on level 4 of the Dungeon)
 m - a +0 plate armour
   (You found it on level 3 of the Dungeon)
 N - a +2 kite shield of poison resistance (worn)
   (You took it off a tengu warrior on level 15 of the Dungeon)
 R - a +0 hat of magic resistance
   (You took it off Gastronok on level 9 of the Dungeon)
Jewellery
 c - a ring of protection from cold (right hand)
   (You found it on level 6 of the Lair of Beasts)
 n - an uncursed ring of positive energy
   (You found it on level 5 of the Lair of Beasts)
 y - the ring of Dofiamaly (left hand) {Dex+3 SInv}
   (You found it on level 11 of the Dungeon)

   [ring of see invisible]

   It affects your dexterity (+3).
   It lets you see invisible.
Wands
 v - a wand of digging (4)
   (You found it on level 4 of the Swamp)
 L - a wand of paralysis (5)
   (You found it on level 14 of the Dungeon)
Scrolls
 i - 7 scrolls of enchant weapon
 r - 3 scrolls of identify
 s - 3 scrolls of fog
 t - 6 scrolls of teleportation
 z - a scroll of blinking
 A - a scroll of fear
 B - 9 scrolls of remove curse
 E - 2 scrolls of immolation
 G - a scroll of holy word
 M - a scroll of vulnerability
 Q - 3 scrolls of magic mapping
 S - a scroll of enchant armour
Potions
 b - a potion of berserk rage
 d - 3 potions of might
 h - 9 potions of haste
 o - 4 potions of invisibility
 q - a potion of curing
 u - 2 potions of flight
 w - 3 potions of heal wounds
 x - 4 potions of ambrosia
 F - 2 potions of resistance
 H - 2 potions of lignification
 J - a potion of mutation
 K - a potion of cancellation
 O - a potion of magic
 P - 3 potions of brilliance
Miscellaneous
 C - a lamp of fire
   (You found it on level 13 of the Dungeon)
Comestibles
 a - 4 chunks of flesh
 e - 27 rations


   Skills:
 + Level 13.3 Fighting
 - Level 18.0 Axes
 + Level 15.4 Armour
 - Level 15.0 Shields
 - Level 15.0 Invocations


You had 16 spell levels left.
You didn't know any spells.
Your spell library was empty.

Dungeon Overview and Level Annotations

Branches:
Dungeon (15/15)            Temple (1/1) D:7            Lair (6/6) D:8
  Swamp (4/4) Lair:2        Snake (4/4) Lair:2        Slime (2/5) Lair:6
    Orc (0/2) D:10         Vaults (0/5) D:13         Depths (0/5) D:15

Altars:
Ashenzari
Dithmenos
Elyvilon
Fedhas
Gozag
Hepliaklqana
Kikubaaqudgha
Makhleb
Qazlal
Ru
Trog
Vehumet
Xom
Yredelemnul
Zin
The Shining One

Shops:
Snake:4 ==*(

Annotations:
Lair:4 1 runed translucent door
Swamp:4 exclusion: oklob plant


Innate Abilities, Weirdness & Mutations

You are resistant to damage.
You can heal yourself by infusing magical energy.
You resist negative energy. (rN+)
You passively map the area around you.
You do not regenerate.
Armour fits poorly on your strangely shaped body.
Your body sometimes deteriorates upon taking damage.
You occasionally shout uncontrollably at your foes.
Your spells are a little easier to cast, but a little less powerful.


Message History

The acid blob is severely wounded.
You hit the titanic slime creature. You slash the azure jelly!
You barely miss the great orb of eyes. You completely miss the azure jelly.
The azure jelly hits you but does no damage.
The azure jelly hits you!
* * * LOW HITPOINT WARNING * * *
The azure jelly freezes you! You resist.
* * * LOW HITPOINT WARNING * * *
You block the azure jelly's attack.
The azure jelly hits you but does no damage.
The acid blob spits acid at you.
The splash of acid hits you but does no damage.
The acid corrodes you!
You are splashed with acid!
* * * LOW HITPOINT WARNING * * *
You block the great orb of eyes's attack.
The golden eye blinks!
The azure jelly hits you. The azure jelly freezes you! You resist.
* * * LOW HITPOINT WARNING * * *
The azure jelly hits you.
You die...

, , #., ,,..... *
,, ,... *, ,
....... * *, .#..#
* .......* , * ,,
,.....## ##..#....
** ,
...J...##........,
, * ,
......G.#....#...,
, , ,
....J............
......GJJ........
* ,
.#...J@J........,
* *
,........G.G......
,,
....^............
, ,
##......^........
,
##.....ยง....#...
, #........>......
,
*##..............
, ..<..........# *
, * * ,


You could see an acid blob, 2 azure jellies, a great orb of eyes, a titanic
slime creature, 2 slime creatures, 2 shining eyes and a golden eye.

Vanquished Creatures
  Saint Roka (Snake:4)
  Jorgrun (D:15)
  Frances (D:14)
  Gastronok (D:9)
  Agnes (Snake:4)
  6 nagarajas (Snake:4)
  A very ugly thing (Swamp:1)
  Nessos (D:14)
  Erolcha (D:9)
  A rakshasa (D:15)
  4 vault guards (D:13)
  3 hydras
  3 catoblepae
  A shambling mangrove (Swamp:4)
  4 centaur warriors
  2 ghost crabs (Swamp:4)
  10 naga warriors
  13 anacondas
  An ogre mage (D:15)
  7 two-headed ogres
  An alligator (Swamp:4)
  A tengu warrior (D:15)
  4 death yaks (Lair:6)
  5 shock serpents (Snake:4)
  7 naga sharpshooters
  Sonja (D:10)
  2 iron trolls (D:10)
  3 skeletal warriors (D:15)
  2 wizards
  3 sea snakes (Snake:3)
  5 unseen horrors
  4 salamander mystics (Snake:4)
  A swamp dragon (Swamp:4)
  A deep troll (D:10)
  5 naga ritualists
  2 spectral hydras (Swamp:4)
  4 lindwurms (Snake:4)
  A phantasmal warrior (Swamp:4)
  An orc knight (D:13)
  A wolf spider zombie (D:15)
  7 mana vipers
  5 cyclopes
  5 manticores
  3 orc sorcerers
  10 ugly things
  A shining eye (Slime:1)
  3 deep elf magi (D:15)
  3 salamanders
  24 black mambas
  An eye of devastation (Slime:1)
  5 elephants (Lair:6)
  A centaur zombie (D:13)
  15 naga magi
  Psyche (D:9)
  6 guardian serpents (Snake:4)
  7 spiny frogs
  4 kobold demonologists
  A swamp worm zombie (Swamp:4)
  4 komodo dragons
  2 efreet (D:14)
  A yaktaur (D:13)
  2 hydra zombies (Swamp:4)
  12 trolls
  A troll (shapeshifter) (D:15)
  2 tengu conjurers
  6 tyrant leeches
  3 hornets
  3 alligator zombies (Swamp:4)
  A polar bear (Lair:6)
  6 blink frogs
  A spectral swamp dragon (Swamp:4)
  8 dream sheep
  11 slime creatures
  5 bog bodies
  7 hippogriffs
  A vampire (D:15)
  2 wraiths
  40 yaks
  2 wyverns
  A shadow (D:15)
  4 basilisks
  2 humans (D:13)
  11 vampire mosquitoes
  3 golden eyes (Slime:2)
  8 swamp worms
  2 hungry ghosts
  A warg (Snake:4)
  A soldier ant (D:11)
  An acid dragon (D:15)
  29 nagas
  2 insubstantial wisps (Swamp:4)
  8 porcupines
  7 water moccasins
  2 ice beasts
  A hornet zombie (D:8)
  3 black bears
  8 phantoms
  10 orc warriors
  5 swamp dragon zombies (Swamp:4)
  A swamp drake (Swamp:4)
  5 sky beasts
  4 eyes of draining
  A necrophage (D:12)
  15 ogres
  10 wolves
  15 centaurs
  5 boggarts (D:14)
  6 crocodiles
  Blork the orc (D:6)
  5 big kobolds
  A wyvern zombie (D:10)
  17 bullfrogs
  A gnoll sergeant (D:9)
  6 scorpions
  A water moccasin skeleton (D:9)
  8 killer bees
  6 howler monkeys
  10 wights
  2 electric eels
  2 jellies (D:11)
  7 crimson imps
  A bullfrog zombie (D:10)
  3 centaur skeletons
  10 hounds
  6 bullfrog skeletons
  10 orc priests
  17 orc wizards
  2 spectral swamp drakes (Swamp:4)
  15 worker ants
  A hound skeleton (D:8)
  8 gnolls
  2 howler monkey skeletons
  2 worker ant zombies
  13 adders
  5 shadow imps
  3 swamp drake zombies (Swamp:4)
  An ooze (D:3)
  2 adder skeletons
  3 adder zombies
  2 worms
  2 dart slugs
  6 leopard geckos
  39 orcs
  4 giant cockroaches
  2 goblins
  3 hobgoblins
  4 jackals (D:8)
  18 kobolds
  2 quokkas
  3 ball pythons
  5 bats
  A leopard gecko skeleton (D:6)
  A leopard gecko zombie (D:9)
  4 rats
  2 fungi
779 creatures vanquished.

Vanquished Creatures (collateral kills)
  9 hydras
  A catoblepas (Lair:6)
  2 alligators (Swamp:4)
  A tengu warrior (D:14)
  A death yak (Lair:6)
  A wolf spider (D:14)
  3 oklob plants (Lair:6)
  A manticore (D:15)
  A spiny frog (Swamp:4)
  A queen bee (shapeshifter) (D:14)
  A troll (D:10)
  A hornet (Swamp:4)
  2 blink frogs (Swamp:4)
  A hippogriff (Lair:3)
  2 alligator zombies (Swamp:4)
  A bog body (Swamp:4)
  3 slime creatures (Swamp:4)
  A spriggan (Swamp:4)
  5 yaks
  A basilisk (Lair:3)
  2 swamp worms (Swamp:4)
  2 insubstantial wisps (Swamp:4)
  A swamp drake (Swamp:4)
  3 wolves (Lair:6)
  A centaur (D:14)
  A crocodile (Lair:3)
  A bullfrog (Lair:2)
  2 wights (D:14)
  A crimson imp (D:14)
  2 fungi
  3 plants
58 creatures vanquished.

Vanquished Creatures (others)
  A spriggan (Swamp:4)
  An unseen horror (D:13)
  A hornet (Swamp:4)
  6 insubstantial wisps (Swamp:4)
  A hound zombie (D:8)
  3 bushes (D:8)
  4 fungi (D:8)
  23 plants
40 creatures vanquished.

Grand Total: 877 creatures vanquished

Notes
Turn   | Place    | Note
-------+----------+-------------------------------------------
     0 | D:1      | Flugslaktarn the Deep Dwarf Fighter began the quest for the
                  | Orb.
     0 | D:1      | Reached XP level 1. HP: 20/20 MP: 1/1
    92 | D:2      | Reached XP level 2. HP: 20/27 MP: 2/2
   204 | D:2      | Reached skill level 3 in Axes
   204 | D:2      | Reached XP level 3. HP: 23/33 MP: 3/3
   589 | D:3      | Reached XP level 4. HP: 34/42 MP: 4/4
   874 | D:4      | You fall into a shaft and drop 2 floors!
   875 | D:6      | Noticed an orc warrior
   876 | D:6      | Noticed a centaur
   898 | D:6      | Killed a centaur
   898 | D:6      | Reached skill level 4 in Axes
   898 | D:6      | Reached XP level 5. HP: 20/49 MP: 5/5
   951 | D:6      | Killed an orc warrior
   951 | D:6      | Reached XP level 6. HP: 57/57 MP: 6/6
   998 | D:6      | Reached skill level 5 in Axes
  1104 | D:6      | Reached XP level 7. HP: 48/64 MP: 7/7
  1175 | D:6      | Reached skill level 5 in Shields
  1178 | D:6      | Reached skill level 5 in Armour
  1192 | D:6      | Reached skill level 6 in Axes
  1208 | D:5      | Entered Level 5 of the Dungeon
  1219 | D:5      | Noticed a troll
  1236 | D:5      | Killed a troll
  1274 | D:5      | Found a white marble altar of Elyvilon.
  1328 | D:5      | Reached XP level 8. HP: 31/73 MP: 8/8
  1362 | D:5      | Found a glowing golden altar of the Shining One.
  1514 | D:5      | Reached skill level 7 in Axes
  1593 | D:5      | Found a blossoming altar of Fedhas.
  2211 | D:6      | Noticed a troll
  2217 | D:6      | Reached skill level 5 in Fighting
  2229 | D:6      | Killed a troll
  2294 | D:6      | Reached skill level 8 in Axes
  2473 | D:6      | Noticed Blork the orc
  2479 | D:6      | Killed Blork the orc
  2675 | D:7      | Gained mutation: You passively map the area around you.
                  | [Deep Dwarf growth]
  2675 | D:7      | Reached XP level 9. HP: 74/81 MP: 8/8
  2764 | D:7      | Found a staircase to the Ecumenical Temple.
  2852 | Temple   | Entered the Ecumenical Temple
  2956 | Temple   | Became a worshipper of Makhleb the Destroyer
  3120 | D:7      | Paralysed by a hornet for 2 turns
  3132 | D:7      | Paralysed by a hornet for 3 turns
  3136 | D:7      | Reached skill level 1 in Invocations
  3547 | D:8      | Reached skill level 9 in Axes
  3762 | D:8      | Reached * piety under Makhleb
  3776 | D:8      | Found a radiant altar of Vehumet.
  4002 | D:8      | Reached skill level 10 in Axes
  4002 | D:8      | Reached XP level 10. HP: 52/92 MP: 6/8
  4072 | D:8      | Found a staircase to the Lair.
  4179 | D:8      | Found a shimmering altar of Xom.
  4180 | D:8      | Found a shattered altar of Ashenzari.
  4594 | D:9      | Reached ** piety under Makhleb
  4612 | D:9      | Reached skill level 5 in Invocations
  4647 | D:9      | Noticed Psyche
  4662 | D:9      | Killed Psyche
  4925 | D:9      | Noticed Gastronok
  4957 | D:9      | Killed Gastronok
  4957 | D:9      | Reached skill level 11 in Axes
  4957 | D:9      | Reached XP level 11. HP: 100/100 MP: 8/8
  5112 | D:9      | Noticed an eight-headed hydra
  5112 | D:9      | Noticed a brown ugly thing
  5177 | D:9      | Killed a brown ugly thing
  5197 | D:9      | Killed an unseen horror
  5299 | D:9      | Reached *** piety under Makhleb
  5345 | D:9      | Noticed a two-headed hydra
  5350 | D:9      | Killed a one-headed hydra
  5350 | D:9      | Reached skill level 12 in Axes
  5456 | D:9      | Noticed Erolcha
  5483 | D:9      | Killed Erolcha
  5556 | D:10     | Entered Level 10 of the Dungeon
  5570 | D:10     | Noticed a two-headed ogre
  5589 | D:10     | Killed a two-headed ogre
  5854 | D:10     | Noticed a purple ugly thing
  5874 | D:10     | Killed a purple ugly thing
  5875 | D:10     | Noticed Sonja
  5894 | D:10     | Killed Sonja
  5981 | D:10     | Noticed a brown ugly thing
  6002 | D:10     | Killed a brown ugly thing
  6270 | D:10     | Noticed an iron troll
  6270 | D:10     | Noticed an iron troll
  6325 | D:10     | Reached XP level 12. HP: 93/111 MP: 9/9
  6385 | D:10     | Reached skill level 13 in Axes
  6393 | D:10     | Reached skill level 10 in Shields
  6459 | D:10     | Found a staircase to the Orcish Mines.
  6679 | D:11     | Reached skill level 10 in Armour
  6848 | D:11     | Noticed a two-headed ogre
  6862 | D:11     | Killed a two-headed ogre
  6891 | D:11     | Reached **** piety under Makhleb
  7416 | D:11     | Got a warped marble ring
  7898 | D:12     | Noticed a centaur warrior
  7930 | D:12     | Killed a centaur warrior
  8459 | D:12     | Reached skill level 14 in Axes
  8918 | D:13     | Noticed a centaur warrior
  8949 | D:13     | Killed a centaur warrior
  8949 | D:13     | Reached skill level 10 in Invocations
  9369 | D:13     | Reached ***** piety under Makhleb
  9376 | D:13     | Noticed a vault guard
  9383 | D:13     | Noticed a vault guard
  9395 | D:13     | Reached XP level 13. HP: 85/121 MP: 10/10
  9402 | D:13     | Paralysed by a wizard for 5 turns
 10244 | D:13     | Found a gate to the Vaults.
 10376 | D:14     | Noticed Frances
 10408 | D:14     | HP: 6/121 [Frances/cursed +0 halberd (8)]
 10417 | D:14     | Killed Frances
 10527 | D:14     | Reached skill level 15 in Axes
 10902 | D:14     | Noticed Nessos
 10910 | D:14     | Paralysed by Nessos for 6 turns
 10931 | D:14     | Killed Nessos
 11355 | D:15     | Entered Level 15 of the Dungeon
 11409 | D:15     | Reached skill level 10 in Fighting
 11429 | D:15     | Gained mutation: You resist negative energy. (rN+) [Deep
                  | Dwarf growth]
 11429 | D:15     | Reached XP level 14. HP: 122/132 MP: 7/7
 11490 | D:15     | Paralysed by a chaos spawn for 7 turns
 11846 | D:15     | Identified the ring of Dofiamaly {Dex+3 SInv} (You found it
                  | on level 11 of the Dungeon)
 12168 | D:15     | Noticed Jorgrun
 12203 | D:15     | Killed Jorgrun
 12282 | D:15     | Reached skill level 16 in Axes
 12515 | D:15     | Found a staircase to the Depths.
 12586 | D:15     | Found a glowing golden altar of the Shining One.
 12588 | D:15     | Found a shimmering altar of Xom.
 12588 | D:15     | Found a radiant altar of Vehumet.
 12590 | D:15     | Found a hazy altar of Hepliaklqana.
 12590 | D:15     | Found a shimmering altar of Xom.
 12590 | D:15     | Found a glowing silver altar of Zin.
 13039 | Lair:1   | Entered Level 1 of the Lair of Beasts
 13205 | Lair:2   | Found a staircase to the Snake Pit.
 13268 | Lair:2   | Got an ichor-stained chain mail
 13282 | Lair:2   | Identified the +6 chain mail of Misanthropy {*Contam +Blink
                  | Regen+ Int-4} (You found it on level 2 of the Lair of
                  | Beasts)
 13315 | Lair:2   | Found a staircase to the Swamp.
 15413 | Lair:4   | Found a runed translucent door.
 16263 | Lair:6   | Entered Level 6 of the Lair of Beasts
 16271 | Lair:6   | Reached XP level 15. HP: 117/140 MP: 7/7
 16694 | Lair:6   | Reached skill level 17 in Axes
 17112 | Lair:6   | Found a staircase to the Slime Pits.
 17636 | Swamp:1  | Entered Level 1 of the Swamp
 17756 | Swamp:3  | Identified a scroll of acquirement
 17756 | Swamp:3  | Identified the ring of Vyrhap {+Blink +Fly rCorr Int-2}
                  | (You acquired it on level 3 of the Swamp)
 17756 | Swamp:3  | Identified the +4 broad axe of the Establishment {vorpal,
                  | MP+9 Int+6} (You acquired it on level 3 of the Swamp)
 17999 | Swamp:4  | Entered Level 4 of the Swamp
 18203 | Swamp:4  | Identified the +3 broad axe of Irritation {vorpal, rF++}
                  | (You acquired it on level 4 of the Swamp)
 18203 | Swamp:4  | Identified the +2 cloak "Iwunejan" {MR++} (You acquired it
                  | on level 4 of the Swamp)
 18643 | Swamp:4  | Noticed a bone dragon
 18671 | Swamp:4  | Got a decaying rune of Zot
 18832 | Snake:1  | Entered Level 1 of the Snake Pit
 18868 | Snake:1  | Reached ****** piety under Makhleb
 18869 | Snake:1  | Reached XP level 16. HP: 151/151 MP: 3/5
 19053 | Snake:3  | Reached skill level 18 in Axes
 19130 | Snake:4  | Entered Level 4 of the Snake Pit
 19430 | Snake:4  | Noticed Agnes
 19448 | Snake:4  | Killed Agnes
 19481 | Snake:4  | Found Xucs's Jewellery Shoppe.
 19482 | Snake:4  | Found Qoxaeh's Assorted Antiques.
 19482 | Snake:4  | Found Boob's Jewellery Shoppe.
 19485 | Snake:4  | Found Yvixta Ileg's Weapon Emporium.
 19835 | Snake:4  | Reached skill level 15 in Invocations
 20072 | Snake:4  | Noticed Saint Roka
 20115 | Snake:4  | Killed Saint Roka
 20134 | Snake:4  | Reached XP level 17. HP: 153/162 MP: 6/6
 20222 | Snake:4  | Reached skill level 15 in Shields
 20223 | Snake:4  | Reached skill level 15 in Armour
 20251 | Snake:4  | Got a serpentine rune of Zot
 20570 | Slime:1  | Entered Level 1 of the Pits of Slime
 20573 | Slime:1  | Gained mutation: Your body sometimes deteriorates upon
                  | taking damage. [a shining eye]
 20579 | Slime:1  | Gained mutation: Your spells are a little easier to cast,
                  | but a little less powerful. [a shining eye]
 20580 | Slime:1  | Gained mutation: You occasionally shout uncontrollably at
                  | your foes. [a shining eye]
 20617 | Slime:2  | Noticed an acid blob
 20628 | Slime:2  | Gained mutation: Armour fits poorly on your strangely
                  | shaped body. [a shining eye]
 20634 | Slime:2  | HP: 1/164 [azure jelly (10)]
 20634 | Slime:2  | Slain by an azure jelly

Levels and vault maps discovered:
D:1:      minmay_arrival_four_loops, layout_rooms, fountainhead
D:2:      layout_basic, kennysheep_slug_shrine, first_ration,
          minmay_misc_feat_more_columns, lemuel_tele_altar,
          uniq_crazy_yiuf_cottage
D:3:      wad_crossroads, layout_loops_corners, minmay_misc_feat_roman,
          bh_chokoban, columned_hall_lemuel
D:4:      layout_basic
D:5:      layout_rooms, elyvilon_altar_5, nicolae_tso_swordbearing_angel,
          lemuel_round_altar, zaba_anthole
D:6:      layout_loops_cross, uniq_blork_the_orc
D:7:      layout_basic, minmay_temple_entry_wispy, hex_medium
D:8:      layout_loops_ring, fiery_altar_vehumet, minitemple,
          minmay_lair_entry_grove
D:9:      layout_rooms, hangedman_ranch [blue_anna_fruit_fields],
          minmay_shattered_shrine, uniq_erolcha, uniq_psyche, uniq_gastronok
D:10:     lemuel_troll_bridge, layout_stronghold, serial_column_ruins,
          column_ruins_square_medium, column_ruins_corridor_dead_end,
          column_ruins_open_small, column_ruins_corridor_straight,
          column_ruins_open_medium, column_ruins_open_small,
          column_ruins_open_tiny, uniq_sonja
D:11:     layout_stronghold, chequers_garden
D:12:     layout_gridville
D:13:     layout_layer_cave, grunt_vaults_entry_fortified
D:14:     layout_gridville, minmay_diced_spiral, uniq_nessos, uniq_frances
D:15:     grunt_enter_depths_magical_seal, layout_gridville, moated_statue,
          doesnt_xom_only_xom, uniq_jorgrun
Temple:   regret_index_temple_generic_petals
Lair:1:   layout_chaotic_city, minmay_holes
Lair:2:   lemuel_ratsnest, layout_layer_cave, swamp_mist,
          minmay_snake_entry_guardpost_small, grunt_megastairs_5
Lair:3:   layout_gridlike, grunt_megastairs_2
Lair:4:   gammafunk_mikee_crab_dinner, layout_long_grid
Lair:5:   layout_small_grid, grunt_forest_small_clearings
Lair:6:   evilmike_catoblepas_cave, layout_loops_ring,
          minmay_slime_entry_oklob_open
Swamp:1:  layout_falls_marsh, evilmike_swamp_ruin_house_2, swamp_pool2,
          ldierk_geyser
Swamp:2:  layout_basic_swamp, serial_swamp_ruin, evilmike_swamp_ruin_house_3,
          evilmike_swamp_ruin_house_4, swamp_pool4
Swamp:3:  layout_basic_swamp, hangedman_swamp_cone
Swamp:4:  swamp_pestilence, layout_basic_swamp
Snake:1:  layout_rooms, uniq_josephine, uniq_aizul
Snake:2:  layout_layer_cave
Snake:3:  nicolae_sea_snake_s, layout_rooms
Snake:4:  snake_pit_salamanders_mu, layout_cave_town, minmay_shoptagon,
          uniq_agnes, uniq_saint_roka
Slime:1:  layout_caves
Slime:2:  layout_caves, basic_altar

Skill      XL: |  1  2  3  4  5  6  7  8  9 10 11 12 13 14 15 16 17 |
---------------+----------------------------------------------------+-----
Axes           | 3 4 5 6 8 10 11 12 14 15 16 17 18 | 18.0
Fighting       | 3 4 5 6 7 8 9 10 11 12 13 | 13.3
Shields        | 4 5 6 7 8 9 10 11 12 13 14 15 | 15.0
Armour         | 4 5 6 7 8 9 10 11 12 13 14 15 | 15.4
Invocations    | 4 6 8 10 11 12 13 15 | 15.0

Action                   |  1- 3 |  4- 6 |  7- 9 | 10-12 | 13-15 | 16-18 || total
-------------------------+-------+-------+-------+-------+-------+-------++-------
Melee: War axe           |   100 |   119 |    53 |       |       |       ||   272
       Hand axe          |       |       |   366 |   854 |  1481 |       ||  2701
       Unarmed           |       |       |       |     4 |       |       ||     4
       Falchion          |       |       |       |    36 |       |       ||    36
       Broad axe         |       |       |       |       |   317 |   634 ||   951
Invok: Lesser Servant of |       |       |       |     6 |    35 |       ||    41
       Major Destruction |       |       |       |       |     1 |       ||     1
       Greater Servant o |       |       |       |       |     1 |       ||     1
 Abil: Heal Wounds       |     1 |     8 |    13 |    19 |    52 |    13 ||   106
Evoke: Wand              |       |       |       |     2 |     5 |       ||     7
       Lamp of fire      |       |       |       |       |     1 |       ||     1
  Use: Scroll            |       |       |     9 |     6 |    16 |     1 ||    32
       Potion            |       |       |     1 |       |     2 |     4 ||     7
 Stab: Distracted        |       |       |       |     4 |     6 |       ||    10
       Petrified         |       |       |       |       |     6 |       ||     6
       Petrifying        |       |       |       |       |     1 |       ||     1
       Invisible         |       |       |       |       |       |    16 ||    16
  Eat: Chunk             |       |     1 |     9 |    15 |    26 |     4 ||    55
       Ration            |       |       |     3 |     1 |     2 |     2 ||     8
Armor: Scale mail        |    63 |     6 |       |       |       |       ||    69
       Plate armour      |       |    63 |   257 |   410 |   424 |       ||  1154
       Chain mail        |       |       |       |       |   855 |   294 ||  1149
       Skin              |       |       |       |       |    81 |       ||    81
Dodge: Dodged            |    33 |    16 |    67 |   122 |   461 |   141 ||   840
Block: Kite shield       |    62 |    76 |   173 |   403 |  1289 |   556 ||  2559
       Tower shield      |       |       |    24 |       |       |       ||    24
       Rpst.: Falchion   |       |       |       |     3 |       |       ||     3

Table legend:
 A = Non-vault XP
 B = Vault XP
 C = Vault XP percentage of total XP
 D = Non-vault monster count
 E = Vault monster count
 F = Vault count percentage of total count
                 A         B        C        D         E       F
            +---------+---------+-------+---------+---------+-------
      Total |  130422 |  114045 |  46.7 |     595 |     238 |  28.6
            +---------+---------+-------+---------+---------+-------
        D:1 |      11 |       0 |   0.0 |       5 |       0 |   0.0
        D:2 |      38 |       0 |   0.0 |       9 |       0 |   0.0
        D:3 |      64 |       6 |   8.6 |      13 |       2 |  13.3
        D:4 |     215 |       0 |   0.0 |      11 |       0 |   0.0
        D:5 |     466 |     201 |  30.1 |       6 |       6 |  50.0
        D:6 |    1500 |      99 |   6.2 |      31 |       1 |   3.1
        D:7 |     689 |       0 |   0.0 |       8 |       0 |   0.0
        D:8 |    1906 |    1596 |  45.6 |      38 |      13 |  25.5
        D:9 |    1956 |    8128 |  80.6 |      40 |      20 |  33.3
       D:10 |    3493 |    5317 |  60.4 |      37 |      14 |  27.5
       D:11 |    4696 |       0 |   0.0 |      28 |       0 |   0.0
       D:12 |    5164 |       0 |   0.0 |      33 |       0 |   0.0
       D:13 |    5131 |    6461 |  55.7 |      27 |      10 |  27.0
       D:14 |   12151 |    4457 |  26.8 |      44 |       6 |  12.0
       D:15 |   15575 |    9447 |  37.8 |      42 |      13 |  23.6
     Lair:1 |     636 |       0 |   0.0 |       5 |       0 |   0.0
     Lair:2 |    2483 |     832 |  25.1 |      11 |       7 |  38.9
     Lair:3 |    4516 |     420 |   8.5 |      19 |       2 |   9.5
     Lair:4 |     679 |       0 |   0.0 |       4 |       0 |   0.0
     Lair:5 |    4726 |       0 |   0.0 |      18 |       0 |   0.0
     Lair:6 |    7932 |   10799 |  57.7 |      31 |      26 |  45.6
    Swamp:1 |    2135 |       0 |   0.0 |       5 |       0 |   0.0
    Swamp:2 |     724 |       0 |   0.0 |       4 |       0 |   0.0
    Swamp:3 |    2961 |       0 |   0.0 |      10 |       0 |   0.0
    Swamp:4 |   13004 |    8393 |  39.2 |      41 |      32 |  43.8
    Snake:1 |   10729 |       0 |   0.0 |      20 |       0 |   0.0
    Snake:2 |    4602 |       0 |   0.0 |       8 |       0 |   0.0
    Snake:3 |    1871 |    3223 |  63.3 |       3 |       7 |  70.0
    Snake:4 |   17504 |   54666 |  75.7 |      34 |      79 |  69.9
    Slime:1 |    1775 |       0 |   0.0 |       5 |       0 |   0.0
    Slime:2 |    1090 |       0 |   0.0 |       5 |       0 |   0.0
            +---------+---------+-------+---------+---------+-------
